 Dungeon Crawl Stone Soup version 0.28.0 (webtiles) character file.

Game seed: 11063059413723400169

29 Sharkman1231 the Insei (level 3, 0/26 HPs)
             Began as a Demonspawn Transmuter on Feb 5, 2022.
             Slain by a hobgoblin (5 damage)
             ... on level 2 of the Dungeon.
             The game lasted 00:01:57 (2005 turns).

Sharkman1231 the Insei (Demonspawn Transmuter)      Turns: 2005, Time: 00:01:57

Health: 0/26       AC:  2    Str: 10    XL:     3   Next: 1%
Magic:  6/6        EV: 12    Int: 14    God:
Gold:   115        SH:  0    Dex: 15    Spells: 5/6 levels left

rFire   . . .      SeeInvis .     - Unarmed
rCold   . . .      Faith    .   (no shield)
rNeg    . . .      Spirit   .   a - +0 robe
rPois   .          Reflect  .   (helmet restricted)
rElec   .          Harm     .   (no cloak)
rCorr   .          Rampage  .   (no gloves)
Will    .....                   (no boots)
Stlth   +.........              (no amulet)
HPRegen 0.08/turn               (no ring)
MPRegen 0.10/turn               (no ring)

@: no status effects
A: antennae 1, hooves 1
a: no special abilities


You were on level 2 of the Dungeon.
You visited 1 branch of the dungeon, and saw 2 of its levels.

You collected 115 gold pieces.

Inventory:

Armour
 a - a +0 robe (worn)
 b - a +0 buckler
Scrolls
 e - a scroll of enchant armour {unknown}
 f - a scroll of noise {unknown}
 i - a scroll of identify {unknown}
 j - a scroll of teleportation {unknown}
Potions
 c - a potion of cancellation {unknown}
 d - a potion of mutation {unknown}
 g - a potion of flight {unknown}
 h - 2 potions of heal wounds {unknown}


   Skills:
 + Level 1.5 Fighting
 + Level 2.1 Dodging
 * Level 3.2 Unarmed Combat
 - Level 2.0 Spellcasting
 + Level 2.1 Transmutations


You had 5 spell levels left.
You knew the following spells:

 Your Spells              Type           Power      Damage    Failure   Level
a - Beastly Appendage     Tmut           14%        N/A       10%         1

Your spell library contained the following spells:

 Spells                   Type           Power      Damage    Failure   Level
 Wereblood                Tmut           7%         N/A       16%         2
 Spider Form              Tmut/Pois      4%         N/A       43%         3
 Ice Form                 Ice/Tmut       4%         N/A       83%         4


Dungeon Overview and Level Annotations

Branches:
Dungeon (2/15)

Altars:


Innate Abilities, Weirdness & Mutations

You have a pair of small antennae on your head.
You have large cloven feet.


Message History

A goblin comes into view. It is wielding a +0 dagger.
The hobgoblin hits you.
You hit the hobgoblin but do no damage. The hobgoblin closely misses you.
You hit the hobgoblin.
The hobgoblin is moderately wounded.
The hobgoblin hits you.
You closely miss the hobgoblin.
The hobgoblin is moderately wounded.
The hobgoblin hits you but does no damage.
You hit the hobgoblin but do no damage.
The hobgoblin is moderately wounded.
The hobgoblin barely misses you.
You barely miss the goblin. The goblin hits you but does no damage.
You barely miss the goblin. The goblin hits you with a +0 dagger.
You closely miss the goblin. The goblin hits you with a +0 dagger.
You hit the goblin but do no damage. The goblin hits you but does no damage.
You punch the goblin!
You kill the goblin!
You have reached level 3!
Your experience leads to an increase in your attributes!
Increase (S)trength, (I)ntelligence, or (D)exterity?
You feel agile. x2; Your demonic ancestry asserts itself...
Your feet thicken and deform.
Unknown command.
You barely miss the hobgoblin.
The hobgoblin is moderately wounded.
The hobgoblin hits you.
You hit the hobgoblin.
You punch the hobgoblin, but do no damage.
The hobgoblin is almost dead.
The hobgoblin hits you.
* * * LOW HITPOINT WARNING * * *
You hit the hobgoblin but do no damage.
The hobgoblin is severely wounded.
The hobgoblin closely misses you.
You hit the hobgoblin but do no damage.
You kick the hobgoblin, but do no damage.
The hobgoblin is severely wounded.
The hobgoblin hits you.
You die...

#### ### ######..# #.#
........# #.# ######..#
#.# #..#####.##########
######..##.....g@.......
........#..##.#######...
....^...................
........................
........................
.................##.....
######...........# .####
######...........# .
........#........# .


You could see a hobgoblin.

Vanquished Creatures
  A dart slug (D:1)
  4 ball pythons
  3 endoplasms
  4 goblins
  2 hobgoblins (D:1)
  3 bats
  A frilled lizard (D:1)
  3 kobolds
  5 rats
26 creatures vanquished.

Notes
Turn   | Place    | Note
-------+----------+-------------------------------------------
     0 | D:1      | Sharkman1231 the Demonspawn Transmuter began the quest for
                  | the Orb.
     0 | D:1      | Reached XP level 1. HP: 15/15 MP: 3/3
   807 | D:1      | Discovered your monstrous ancestry.
   807 | D:1      | Lost mutation: You have a pair of horns on your head.
                  | [demonic ancestry]
   807 | D:1      | Lost mutation: You have a pair of small horns on your head.
                  | [demonic ancestry]
   807 | D:1      | Gained mutation: You have a pair of small antennae on your
                  | head. [demonic ancestry]
   807 | D:1      | Reached XP level 2. HP: 19/21 MP: 3/5
   817 | D:1      | Reached skill level 3 in Unarmed Combat
  1308 | D:2      | Found a faded altar of an unknown god.
  2002 | D:2      | Gained mutation: You have large cloven feet. [demonic
                  | ancestry]
  2002 | D:2      | Reached XP level 3. HP: 10/26 MP: 6/6
  2005 | D:2      | Slain by a hobgoblin

Illustrated notes

Levels and vault maps discovered:
D:1:      nzn_arrival_water_spiral, layout_loops_ring
D:2:      layout_basic, dreamdust_ecumenical_altar_angels_and_demons,
          lemuel_another_geyser

Skill      XL: |  1  2 |
---------------+-------+-----
Transmutations | 2 |  2.1
Dodging        | 2 |  2.1
Unarmed Combat | 3 |  3.2
Fighting       | |  1.5
Spellcasting   | |  2.0

Action                   || total
-------------------------++-------
Melee: Unarmed           ||    95
       Headbutt          ||     2
       Kick              ||     7
       Punch             ||     1
 Cast: Beastly Appendage ||     9
Armor: Robe              ||    26
Dodge: Dodged            ||    56
